 Dungeon Crawl Stone Soup version 0.23-a0-8-gb809bb70e4 (webtiles) character file.

72 Kaname the Conjurer (level 4, 8/30 HPs)
             Began as a Demonspawn Wizard on Aug 1, 2018.
             Quit the game on level 3 of the Dungeon.
             The game lasted 00:05:24 (2145 turns).

Kaname the Conjurer (Demonspawn Wizard)             Turns: 2145, Time: 00:05:24

Health: 8/30       AC:  4    Str:  7    XL:     4   Next: 6%
Magic:  1/8        EV: 12    Int: 21    God:
Gold:   100        SH:  0    Dex: 11    Spells: 3/9 levels left

rFire    . . .     SeeInvis .   l - +0 falchion
rCold    . . .     Gourm    .   (no shield)
rNeg     . . .     Faith    .   a - +0 robe
rPois    .         Spirit   .   b - +0 hat
rElec    .         Reflect  .   (no cloak)
rCorr    .         Harm     .   (no gloves)
MR       .....                  (no boots)
Stlth    +.........             (no amulet)
HPRegen  0.10/turn              (no ring)
MPRegen  0.11/turn              (no ring)

@: no status effects
A: hooves 1, slimy green scales 1
a: no special abilities


You were on level 3 of the Dungeon.
You were not hungry.

You visited 1 branch of the dungeon, and saw 3 of its levels.

You collected 100 gold pieces.

Inventory:

Hand Weapons
 c - a +0 dagger
 l - a +0 falchion (weapon)
Missiles
 g - 46 arrows
 r - 20 poisoned needles
Armour
 a - a +0 robe (worn)
 b - a +0 hat (worn)
Jewellery
 j - an uncursed ring of see invisible {unknown}
Scrolls
 e - 2 scrolls of identify {unknown}
 k - 2 scrolls of enchant weapon {unknown}
 m - a scroll of blinking {unknown}
 o - a scroll of magic mapping {unknown}
 q - a scroll of fear {unknown}
Potions
 f - 2 potions of heal wounds {unknown}
 h - a potion of mutation {unknown}
 i - 2 potions of curing {unknown}
 p - 2 potions of might {unknown}
 s - a potion of lignification {unknown}
Comestibles
 d - 2 rations
 n - 4 chunks of flesh


   Skills:
 - Level 1.7 Dodging
 - Level 1.7 Stealth
 - Level 3.0 Spellcasting
 + Level 4.0 Conjurations
   Level 1.0 Summonings
 - Level 0.8 Translocations


You had 3 spell levels left.
You knew the following spells:

 Your Spells              Type           Power        Failure   Level  Hunger
a - Magic Dart            Conj           ###.         2%          1    None
b - Blink                 Tloc           N/A          14%         2    ##.....
c - Mephitic Cloud        Conj/Pois/Air  #.......     22%         3    ###....

Your spell library contained the following spells:

 Spells                   Type           Power        Failure   Level  Hunger
 Conjure Flame            Conj/Fire      ##......     17%         3    ###....
 Slow                     Hex            #.......     21%         2    ##.....
 Call Imp                 Summ           #.......     13%         2    ##.....


Dungeon Overview and Level Annotations

Branches:
Dungeon (3/15)

Altars:
Dithmenos
Vehumet
Wu Jian


Innate Abilities, Weirdness & Mutations

You have large cloven feet.
You are partially covered in slimy green scales. (AC +2)


Message History

Casting: Magic Dart (safe; 3% risk of failure)
Confirm with . or Enter, or press ? or * to list all spells.
Aiming: Magic Dart (safe; 3% risk of failure)
Press: ? - help, Shift-Dir - straight line, f/p - adder
Aim: an adder (almost dead)
The magic dart hits the adder.
The adder is almost dead.
The adder barely misses you.
Casting: Magic Dart (safe; 3% risk of failure)
Confirm with . or Enter, or press ? or * to list all spells.
Aiming: Magic Dart (safe; 3% risk of failure)
Press: ? - help, Shift-Dir - straight line, f/p - adder
Aim: an adder (almost dead)
The magic dart hits the adder.
You kill the adder!
Your Conjurations skill increases to level 4!
You have reached level 4!
You feel clever.
Your demonic ancestry asserts itself...
Slimy green scales grow over part of your body.
Are you sure you want to abandon this character and quit the game? (Confirm with "yes".)

###### #####....####
#..).........
#.###.##.#### ## #.#
#.#..#### ### #. #.#
#.#.#...# .....#.#####.#
#.....# ......†@..##.#
#.....#
.#####.##.##.###.....###
#. #.##.....#.#)..# #.
#.†.>..........#
#..........<#.###.#
######......#.....#
#..###.#####.. ....# #.#
###.# ..#


There were no monsters in sight!

Vanquished Creatures
  3 adders
  An ooze (D:3)
  A worm (D:2)
  A dart slug (D:1)
  3 leopard geckos
  3 giant cockroaches (D:1)
  3 goblins
  6 hobgoblins
  A quokka (D:3)
  4 bats
  A frilled lizard (D:2)
  3 kobolds
  4 rats
34 creatures vanquished.

Vanquished Creatures (others)
  A rat (D:2)
1 creature vanquished.

Grand Total: 35 creatures vanquished

Notes
Turn   | Place    | Note
-------+----------+-------------------------------------------
     0 | D:1      | Kaname the Demonspawn Wizard began the quest for the Orb.
     0 | D:1      | Reached XP level 1. HP: 13/13 MP: 4/4
   145 | D:1      | Reached skill level 2 in Conjurations
   194 | D:1      | Gained mutation: You have large cloven feet. [demonic ancestry]
   194 | D:1      | Reached XP level 2. HP: 5/19 MP: 1/6
   946 | D:2      | Reached skill level 3 in Conjurations
   946 | D:2      | Reached XP level 3. HP: 18/24 MP: 1/7
  1005 | D:2      | Learned a level 2 spell: Blink
  1009 | D:2      | Learned a level 3 spell: Mephitic Cloud
  1022 | D:2      | Found a radiant altar of Vehumet.
  1081 | D:2      | HP: 1/24 [worm (9)]
  1514 | D:2      | Found an ornate altar of the Wu Jian Council.
  1514 | D:2      | Found a shadowy altar of Dithmenos.
  2144 | D:3      | Reached skill level 4 in Conjurations
  2144 | D:3      | Gained mutation: You are partially covered in slimy green scales. (AC +2) [demonic ancestry]
  2144 | D:3      | Reached XP level 4. HP: 8/30 MP: 1/8
  2145 | D:3      | Quit the game

Vault maps used:
D:1:      lemuel_arrival_room
D:2:      fiery_altar_vehumet, gammafunk_temple_overflow_elements,
          grunt_ministairs_2, corexii_item_surrounded_by_moat
D:3:      tgw_trog, first_ration, uniq_crazy_yiuf_cottage, uniq_robin

Skill      XL: |  1  2  3 |
---------------+----------+-----
Conjurations   | 2 3 4 |  4.0
Dodging        | |  1.7
Stealth        | |  1.7
Spellcasting   | |  3.0
Summonings     | |  1.0
Translocations | |  0.8

Action                   |  1- 3 |  4- 6 || total
-------------------------+-------+-------++-------
Melee: Dagger            |    55 |       ||    55
       Kick              |     9 |       ||     9
       Falchion          |    16 |       ||    16
 Cast: Magic Dart        |    93 |     1 ||    94
       Blink             |     6 |       ||     6
 Stab: Sleeping          |     2 |       ||     2
  Eat: Chunk             |     4 |       ||     4
Armor: Robe              |    13 |       ||    13
Dodge: Dodged            |    46 |       ||    46
       Rpst.: Falchion   |     2 |       ||     2

Table legend:
 A = Spawn XP
 B = Non-spawn XP
 C = Spawn XP percentage of total XP
 D = Spawn monster count
 E = Non-spawn monster count
 F = Spawn count percentage of total count
 G = Total turns spent on level
                    A         B        C        D         E        F      G
               +---------+---------+-------+---------+---------+-------+---------
         Total |       0 |     103 |   0.0 |       0 |      34 |   0.0 |  2145
               +---------+---------+-------+---------+---------+-------+---------
           D:1 |       0 |      27 |   0.0 |       0 |      15 |   0.0 |   889
           D:2 |       0 |      47 |   0.0 |       0 |      12 |   0.0 |  1057
           D:3 |       0 |      29 |   0.0 |       0 |       7 |   0.0 |   199
               +---------+---------+-------+---------+---------+-------+---------
